 Dungeon Crawl Stone Soup version 0.31-a0-339-gda1cbd555d (webtiles) character file.

Game seed: 17599932829422569257

121 bmack86 the Chopper (level 4, -16/39 HPs)
             Began as a Minotaur Fighter on July 21, 2023.
             Demolished by Crazy Yiuf
             ... wielding a +4 quarterstaff of chaos
              (17 damage)
             ... on level 2 of the Dungeon.
             The game lasted 00:05:19 (1422 turns).

bmack86 the Chopper (Minotaur Fighter)              Turns: 1422, Time: 00:05:20

Health: -16/39     AC:  0    Str: 23    XL:     4   Next: 76%
Magic:  3/3        EV: 13    Int:  5    God:
Gold:   54         SH:  0    Dex:  9    Spells: 3/3 levels left

rFire   . . .        a - melded +0 war axe
rCold   . . .        c - melded +0 buckler
rNeg    . . .        b - melded +0 scale mail
rPois   .            (helmet currently unavailable)
rElec   .            e - melded scarf {repulsion}
rCorr   .            (gloves currently unavailable)
SInv    .            (boots currently unavailable)
Will    .....        (no amulet)
Stlth   +            j - melded ring of poison resistance
HPRegen 0.26/turn    m - melded +6 ring of strength
MPRegen 0.08/turn

%: no passive effects
@: mighty, pig-form, very quick
A: fast, no casting, small, (horns 2), (retaliatory headbutt)
a: no special abilities


You were on level 2 of the Dungeon.
You were a filthy swine.
You visited 1 branch of the dungeon, and saw 2 of its levels.

You collected 100 gold pieces.
You spent 46 gold pieces at shops.

Inventory:

Hand Weapons
 a - a +0 war axe (melded)
Armour
 b - a +0 scale mail (melded)
 c - a +0 buckler (melded)
 e - a scarf of repulsion (melded)
Jewellery
 f - an amulet of faith
 j - a ring of poison resistance (melded)
 m - a +6 ring of strength (melded)
Scrolls
 g - 2 scrolls of identify
 h - a scroll of fear {unknown}
 k - a scroll of teleportation {unknown}
 n - a scroll of vulnerability {unknown}
Potions
 i - 2 potions of curing


   Skills:
 - Level 3.6 Fighting
 + Level 6.1 Axes
 - Level 3.6 Armour
 - Level 3.6 Shields


You had 3 spell levels left.
You didn't know any spells.
Your spell library was empty.

Dungeon Overview and Level Annotations

Branches:
Dungeon (2/15)

Altars:

Shops:
D:1 *   D:2 =?=:*

Annotations:
D:2 Crazy Yiuf


Innate Abilities, Weirdness & Mutations

You are a filthy swine.
You move quickly.
Your equipment is almost entirely melded.
You are incapable of wielding weapons or throwing items.
You cannot cast spells.
((You have a pair of horns on your head.))
((You reflexively headbutt those who attack you in melee.))


Message History

You headbutt the fungus, but do no damage.
The fungus is moderately damaged.
You slash the fungus! x2; A nearby fungus withers and dies.
A nearby fungus withers and dies.
You slash the fungus!
The fungus is lightly damaged.
You hit the fungus but do no damage.
A nearby fungus withers and dies.
Found a hammer.
Found a runed translucent door.
Crazy Yiuf shouts!
You open the door. You barely miss Crazy Yiuf.
Crazy Yiuf hits you with a +4 quarterstaff of chaos.
Space warps around you.
You hit Crazy Yiuf but do no damage.
Crazy Yiuf zaps a wand.
You turn into a filthy swine.
Your +0 war axe melds into your body.
Your scarf of repulsion melds into your body.
Your +0 buckler melds into your body.
Your +0 scale mail melds into your body.
Your ring of poison resistance melds into your body.
Your +6 ring of strength melds into your body.
The haze of the repulsion field disappears.
You feel weaker.
You hit Crazy Yiuf but do no damage. Crazy Yiuf closely misses you.
It was a potion of magic.
Magic courses through your body.
Crazy Yiuf hits you with a +4 quarterstaff of chaos!
You are electrocuted!
* * * LOW HITPOINT WARNING * * *
It was a potion of curing.
You feel better.
Crazy Yiuf says, "Blight!
Whippet illywillydillykilly snockshim."
Crazy Yiuf misses you.
You feel very mighty all of a sudden.
Crazy Yiuf says, "Line!"
Crazy Yiuf hits you with a +4 quarterstaff of chaos!
* * * LOW HITPOINT WARNING * * *
Crazy Yiuf freezes you.
* * * LOW HITPOINT WARNING * * *
You bite Crazy Yiuf!
Crazy Yiuf is heavily wounded.
Crazy Yiuf hits you with a +4 quarterstaff of chaos!
You die...

#.∩..###.#...)....#
#........##########
#.....#### ......#
### ##### #.....#
#.# #..)#
#.....####.# #...#
#........#.# ...
####.....#.# #g#
#.......# ♣♣h♣
####.....#.# ♣.♣♣
..######...# ♣♣.♣
..# #.### ♣.♣♣ ..#
#.# ♣♣.♣♣ ### ##.#
♣.♣P♣♣ .# #..#
♣...P♣ .# #.##
#....# .# #.#
##..##


You could see Crazy Yiuf.

Vanquished Creatures
  4 gnolls (D:2)
  2 adders (D:2)
  A worm (D:2)
  3 dart slugs
  5 ball pythons
  6 endoplasms
  5 giant cockroaches
  8 goblins
  3 hobgoblins
  2 quokkas
  3 bats
  3 frilled lizards
  4 kobolds
  5 rats
54 creatures vanquished.

Notes
Turn   | Place    | Note
-------+----------+-------------------------------------------
     0 | D:1      | bmack86 the Minotaur Fighter began the quest for the Orb.
     0 | D:1      | Reached XP level 1. HP: 19/19 MP: 0/0
    59 | D:1      | Reached skill level 3 in Axes
   119 | D:1      | Reached XP level 2. HP: 25/26 MP: 1/1
   301 | D:1      | Reached skill level 4 in Axes
   406 | D:1      | Reached XP level 3. HP: 31/31 MP: 2/2
   406 | D:1      | Found Qompe's Assorted Antiques.
   438 | D:1      | Bought a scroll labelled POYKOI BAFFAE for 24 gold pieces
   600 | D:2      | Found Jinyib's Assorted Antiques.
   666 | D:2      | Found Somenuom's Book Shoppe.
   685 | D:2      | Found Miuvuno's Magic Scroll Boutique.
   703 | D:2      | Bought a scroll of identify for 22 gold pieces
   768 | D:2      | Reached skill level 5 in Axes
   773 | D:2      | Reached XP level 4. HP: 10/39 MP: 3/3
   942 | D:2      | Found Losaich's Jewellery Shop.
  1034 | D:2      | Reached skill level 6 in Axes
  1080 | D:2      | Found Hemosh's Jewellery Shoppe.
  1411 | D:2      | Found a runed translucent door.
  1412 | D:2      | Noticed Crazy Yiuf
  1421 | D:2      | HP: 1/39 [Crazy Yiuf/+4 quarterstaff of chaos (2)]
  1422 | D:2      | Demolished by Crazy Yiuf

Illustrated notes

Levels and vault maps discovered:
D:1:      wander_arrival_peaceful_grave, layout_rooms, serial_shops,
          nicolae_shop_tiny_waterfront, roderic_nine_men_s_morris,
          minmay_misc_feat_square, nicolae_twisty_statue_hallways
D:2:      layout_basic, serial_shops, shop, shop, shop, shop,
          nicolae_shop_trees, uniq_crazy_yiuf_cottage

Skill      XL: |  1  2  3  4 |
---------------+-------------+-----
Axes           | 3 4 5 6 |  6.1
Fighting       | |  3.6
Armour         | |  3.6
Shields        | |  3.6

Action                     |  1- 3 |  4- 6 || total
---------------------------+-------+-------++-------
  Melee: War axe           |    63 |    31 ||    94
         Headbutt          |    11 |     7 ||    18
         Unarmed           |       |     2 ||     2
    Use: Potion            |       |     3 ||     3
 Armour: Scale mail        |    33 |    10 ||    43
  Dodge: Dodged            |    34 |    21 ||    55
         Repelled          |       |     1 ||     1
  Block: Buckler           |    12 |     4 ||    16

Table legend: (Time is in decaauts)
 A = Elapsed time spent in this place.
 B = Non-inter-level travel time spent in this place.
 C = Inter-level travel time spent in this place.
 D = Time resting spent in this place.
 E = Time spent auto-exploring this place.
 F = Levels seen in this place.
 G = Mean time per level.
                   A        B        C        D        E       F      G
               +--------+--------+--------+--------+--------+-----+--------+
         Total |   1448 |   1432 |     16 |      0 |    951 |   2 |  724.0 |
       Dungeon |   1448 |   1432 |     16 |      0 |    951 |   2 |  724.0 |
               +--------+--------+--------+--------+--------+-----+--------+

Top non-repeatable levels by time:
     D:2: 833 daAuts
     D:1: 615 daAuts
